 Dungeon Crawl Stone Soup version 0.19.1-1-g22dce08 (webtiles) character file.

10297 Alarkh the Cleaver (level 11, -1/82 (83) HPs)
             Began as a Demonspawn Monk on Jan 5, 2017.
             Was the Champion of Okawaru.
             Slain by a hill giant
             ... wielding a +0 giant club
              (13 damage)
             ... on level 14 of the Dungeon.
             The game lasted 00:13:55 (8278 turns).

Alarkh the Cleaver (Demonspawn Monk)                Turns: 8278, Time: 00:13:55

HP:   -1/82 (83)    AC:  8    Str: 11    XL:     11   Next: 34%
MP:   13/13         EV: 20    Int: 15    God:    Okawaru [******]
Gold: 579           SH:  0    Dex: 22    Spells: 0 memorised, 10 levels left

rFire  . . .     SeeInvis .     O - +1 battleaxe (freeze)
rCold  + . .     Gourm    .     I - +3 leather armour "Piraemef" {rC+ Slay+5}
rNeg   . . .     Faith    .     (shield currently unavailable)
rPois  .         Spirit   .     (helmet restricted)
rElec  .         Reflect  .     y - +0 cloak
rCorr  .         Harm     .     (no gloves)
MR     .....                    (no boots)
Stlth  ++........               m - amulet of regeneration
                                K - +1 ring of protection
                                p - +4 ring of dexterity

@: no status effects
A: antennae 1, repulsion field 2, agile 1, demonic guardian 1, spiny 2
a: Heroism, Finesse, Renounce Religion


You were on level 14 of the Dungeon.
You worshipped Okawaru.
Okawaru was exalted by your worship.
You were not hungry.

You visited 2 branches of the dungeon, and saw 15 of its levels.
You also visited: Ossuary.

You collected 579 gold pieces.

Inventory:

Hand Weapons
 a - a +2 war axe of chopping
 C - a +0 hand axe
 O - a +1 battleaxe of freezing (weapon)
Missiles
 u - a throwing net (quivered)
Armour
 b - a +0 robe
 y - a +0 cloak (worn)
 I - the +3 leather armour "Piraemef" (worn) {rC+ Slay+5}
   (You found it on level 7 of the Dungeon)

   It affects your accuracy and damage with ranged weapons and melee attacks
   (+5).
   It protects you from cold.
Jewellery
 m - an amulet of regeneration (around neck)
 p - a +4 ring of dexterity (left hand)
 K - a +1 ring of protection (right hand)
Wands
 E - a wand of iceblast (5/15)
 H - a wand of iceblast (2/15)
Scrolls
 d - a scroll of noise
 e - a scroll of identify
 g - 2 scrolls of magic mapping
 h - 2 scrolls of amnesia {unknown}
 i - 2 scrolls of random uselessness {unknown}
 j - 2 scrolls of blinking {unknown}
 o - 4 scrolls of remove curse
 s - 2 scrolls of fear {unknown}
 t - 7 scrolls of teleportation {unknown}
 B - 3 scrolls of enchant weapon {unknown}
 G - a scroll of enchant armour {unknown}
 L - a scroll of silence {unknown}
Potions
 k - 5 potions of brilliance
 q - 2 potions of flight
 r - 2 potions of curing
 v - a potion of degeneration
 F - a potion of heal wounds
 J - a potion of resistance
 M - a potion of lignification
 P - a potion of berserk rage {unknown}
Books
 w - a book of Maledictions

   Spells                             Type                      Level
   a - Corona                         Hexes                        1
   b - Ensorcelled Hibernation        Hexes/Ice                    2
   c - Confuse                        Hexes                        3
   d - Tukima's Dance                 Hexes                        3
   e - Dazzling Spray                 Conjuration/Hexes            3
 x - a book of Frost

   Spells                             Type                      Level
   a - Freeze                         Ice                          1
   b - Throw Frost                    Conjuration/Ice              2
   c - Ozocubu's Armour               Charms/Ice                   3
   d - Throw Icicle                   Conjuration/Ice              4
   e - Summon Ice Beast               Ice/Summoning                4
 A - a book of Callings

   Spells                             Type                      Level
   a - Summon Small Mammal            Summoning                    1
   b - Call Imp                       Summoning                    2
   c - Call Canine Familiar           Summoning                    3
   d - Summon Guardian Golem          Hexes/Summoning              3
   e - Summon Lightning Spire         Summoning/Air                4
   f - Summon Ice Beast               Ice/Summoning                4
Comestibles
 c - 9 bread rations
 f - a royal jelly
 l - 4 fruits
 n - 14 chunks of flesh
 z - 3 beef jerkies
 D - a meat ration
 N - a slice of pizza


   Skills:
 + Level 6.6 Fighting
 * Level 13.1 Axes
 + Level 5.3 Armour
 + Level 6.2 Dodging
 - Level 1.7 Stealth
 + Level 3.1 Invocations


You had 10 spell levels left.
You didn't know any spells.

Dungeon Overview and Level Annotations

Branches:
Dungeon (14/15)            Temple (1/1) D:4             Orc (0/2) D:9
   Lair: D:8-11      Vaults: D:13-14

Altars:
Ashenzari
Cheibriados
Dithmenos
Elyvilon
Fedhas
Gozag
Hepliaklqana
Kikubaaqudgha
Makhleb
Nemelex Xobeh
Okawaru
Qazlal
Ru
Sif Muna
Trog
Uskayaw
Vehumet
Xom
Yredelemnul
Zin
The Shining One


Innate Abilities, Weirdness & Mutations

You have a pair of small antennae on your head.
You are surrounded by a moderate repulsion field. (EV +3)
A weak demonic guardian rushes to your aid.
You are mostly covered in sharp spines.
You are agile. (Dex +2)


Message History

There is an open door here.
The hill giant shouts!
The hill giant barely misses you.
You hit the hill giant. You freeze the hill giant.
The hill giant is lightly wounded.
You slash the hill giant! You freeze the hill giant.
The hill giant is moderately wounded.
The hill giant is struck by your spines.
The hill giant hits you with a giant club!!!
* * * LOW HITPOINT WARNING * * *
You are too injured to fight recklessly!
You are too injured to fight recklessly!
You are too injured to fight recklessly!
You are too injured to fight recklessly!
You are too injured to fight recklessly!
You hit the hill giant. You freeze the hill giant.
The hill giant is heavily wounded.
The hill giant is struck by your spines.
The hill giant hits you with a giant club!
You die...

. .. .. .# ... .#
....##+###.####
#...C.......
#.#.@#..###
#..5.5....#
#########'#######
#...##..........#
#...##..........#
#.########.##...#
#.########.######
#..........#
{#########..#


You could see a hill giant, a friendly quasit and a friendly white imp.

Vanquished Creatures
  A centaur warrior (D:13)
  The ghost of theAP the Chopper, a novice GrFi of Uskayaw (D:5)
  A hill giant (D:9)
  A gargoyle (D:7)
  An efreet (D:13)
  2 trolls
  4 hippogriffs
  4 slime creatures (D:12)
  3 yaks (D:8)
  Eustachio (D:5)
  A hungry ghost (D:9)
  Duvessa (D:7)
  An ice beast (D:9)
  A black bear (D:9)
  A phantom (D:6)
  4 orc warriors
  An eye of draining (D:9)
  A necrophage (D:8)
  5 ogres
  5 centaurs
  3 big kobolds
  3 elf zombies
  4 bullfrogs
  A water moccasin zombie (D:6)
  Dowan (D:7)
  4 scorpions
  6 killer bees (D:6)
  3 howler monkeys (D:7)
  5 crimson imps
  A bullfrog zombie (D:8)
  7 human zombies
  6 centaur zombies
  A quasit (D:6)
  3 jellies
  4 orc priests
  5 hounds
  9 orc wizards
  Crazy Yiuf (D:5)
  2 bullfrog skeletons
  An iguana (D:4)
  Ijyb (D:2)
  2 human skeletons (D:5)
  2 worker ants
  A hound zombie (D:5)
  A hound skeleton (D:7)
  3 mummies (Ossuary)
  2 worker ant zombies
  A howler monkey zombie (D:5)
  7 gnolls
  13 adders
  4 shadow imps
  An ooze (D:3)
  An adder zombie (D:6)
  3 worms
  5 leopard geckos
  25 orcs
  5 bats
  6 giant cockroaches
  9 goblins
  7 hobgoblins
  10 jackals
  25 kobolds
  5 quokkas
  3 ball pythons
  6 frilled lizards
  A jackal skeleton (D:4)
  An orc zombie (D:5)
  9 rats
269 creatures vanquished.

Vanquished Creatures (collateral kills)
  An orc (D:11)
1 creature vanquished.

Grand Total: 270 creatures vanquished

Notes
Turn   | Place    | Note
-------+----------+-------------------------------------------
     0 | D:1      | Alarkh the Demonspawn Monk began the quest for the Orb.
     0 | D:1      | Reached XP level 1. HP: 18/18 MP: 1/1
    38 | D:1      | Reached skill level 3 in Axes
   105 | D:1      | Gained mutation: You are surrounded by a mild repulsion field. (EV +2) [demonic ancestry]
   105 | D:1      | Reached XP level 2. HP: 17/24 MP: 2/2
   988 | D:2      | Reached XP level 3. HP: 25/29 MP: 3/3
  1120 | D:2      | Reached skill level 4 in Axes
  1408 | D:2      | Noticed Ijyb
  1424 | D:2      | Killed Ijyb
  1427 | D:2      | Reached XP level 4. HP: 31/35 MP: 4/4
  1987 | D:3      | Reached skill level 5 in Axes
  2163 | D:3      | Found a burning altar of Makhleb.
  2264 | D:3      | Found a snail-covered altar of Cheibriados.
  2563 | D:4      | Gained mutation: You are partially covered in sharp spines. [demonic ancestry]
  2563 | D:4      | Reached XP level 5. HP: 19/41 MP: 5/5
  2743 | D:4      | Reached skill level 6 in Axes
  2860 | D:4      | Gained mutation: You are mostly covered in sharp spines. [demonic ancestry]
  2860 | D:4      | Reached XP level 6. HP: 26/47 MP: 6/6
  3143 | D:4      | Found a white marble altar of Elyvilon.
  3147 | D:4      | Found an ancient bone altar of Kikubaaqudgha.
  3170 | D:4      | Found a staircase to the Ecumenical Temple.
  3264 | Temple   | Entered the Ecumenical Temple
  3402 | Temple   | Became a worshipper of Warmaster Okawaru
  3402 | Temple   | Reached * piety under Okawaru
  3402 | Temple   | Reached ** piety under Okawaru
  3529 | D:5      | Entered Level 5 of the Dungeon
  3537 | D:5      | Reached skill level 7 in Axes
  3540 | D:5      | Noticed theAP's ghost (novice GrFi)
  3683 | D:5      | Reached XP level 7. HP: 26/52 MP: 7/7
  3757 | D:5      | Noticed Eustachio
  3859 | D:5      | Killed theAP's ghost
  3859 | D:5      | Reached skill level 9 in Axes
  3859 | D:5      | Reached XP level 8. HP: 28/58 MP: 6/8
  3918 | D:5      | Found a sand-covered staircase.
  3953 | D:5      | Reached *** piety under Okawaru
  3970 | Ossuary  | Entered an ossuary
  4157 | Ossuary  | Reached skill level 10 in Axes
  4220 | Ossuary  | Gained mutation: You have a pair of small horns on your head. [potion of beneficial mutation]
  4221 | Ossuary  | Gained mutation: You are agile. (Dex +2) [potion of beneficial mutation]
  4429 | D:5      | Killed Eustachio
  4639 | D:5      | Found a runed door.
  4867 | D:5      | Noticed Crazy Yiuf
  4874 | D:5      | Killed Crazy Yiuf
  4874 | D:5      | Reached **** piety under Okawaru
  4980 | D:6      | Reached skill level 11 in Axes
  5044 | D:6      | Gained mutation: You are surrounded by a moderate repulsion field. (EV +3) [demonic ancestry]
  5044 | D:6      | Reached XP level 9. HP: 60/63 MP: 9/9
  5112 | D:6      | Reached skill level 1 in Armour
  5547 | D:7      | Noticed a gargoyle
  5571 | D:7      | Killed a gargoyle
  5693 | D:7      | Noticed Duvessa
  5694 | D:7      | Noticed Dowan
  5697 | D:7      | Killed Duvessa
  5697 | D:7      | Reached ***** piety under Okawaru
  5700 | D:7      | Killed Dowan
  5767 | D:7      | Received a gift from Okawaru
  6132 | D:6      | Lost mutation: You have a pair of small horns on your head. [demonic ancestry]
  6132 | D:6      | Gained mutation: You have a pair of small antennae on your head. [demonic ancestry]
  6132 | D:6      | Reached XP level 10. HP: 73/73 MP: 10/10
  6337 | D:7      | Got an ancient leather armour
  6355 | D:7      | Identified the +3 leather armour "Piraemef" {rC+ Slay+5} (You found it on level 7 of the Dungeon)
  6419 | D:7      | Reached skill level 5 in Fighting
  6750 | D:8      | Reached skill level 12 in Axes
  6859 | D:8      | Found a radiant altar of Vehumet.
  6860 | D:8      | Found a bloodstained altar of Trog.
  6861 | D:8      | Found a hazy altar of Hepliaklqana.
  6947 | D:8      | Reached skill level 5 in Dodging
  7465 | D:9      | Received a gift from Okawaru
  7733 | D:9      | Found a staircase to the Orcish Mines.
  7858 | D:9      | Noticed a hill giant
  7862 | D:9      | Killed a hill giant
  7862 | D:9      | Received a gift from Okawaru
  8068 | D:10     | Entered Level 10 of the Dungeon
  8071 | D:10     | Gained mutation: A weak demonic guardian rushes to your aid. [demonic ancestry]
  8071 | D:10     | Reached XP level 11. HP: 80/80 MP: 11/11
  8112 | D:11     | Reached skill level 1 in Invocations
  8118 | D:11     | Reached ****** piety under Okawaru
  8118 | D:11     | Reached skill level 5 in Armour
  8223 | D:13     | Reached skill level 13 in Axes
  8229 | D:13     | Noticed a centaur warrior
  8234 | D:13     | Killed a centaur warrior
  8272 | D:14     | Noticed a hill giant
  8278 | D:14     | Slain by a hill giant

Skill      XL: |  1  2  3  4  5  6  7  8  9 10 11 |
---------------+----------------------------------+-----
Axes           | 3 4 5 6 7 9 11 12 13 | 13.1
Armour         | 3 4 5 |  5.3
Dodging        | 4 5 6 |  6.2
Fighting       | 4 6 |  6.6
Invocations    | 3 |  3.1
Stealth        | |  1.7

Action                   |  1- 3 |  4- 6 |  7- 9 | 10-12 || total
-------------------------+-------+-------+-------+-------++-------
Melee: Hand axe          |   102 |   206 |   251 |       ||   559
       Punch             |       |       |     2 |       ||     2
       Headbutt          |       |       |    53 |       ||    53
       War axe           |       |       |    89 |   149 ||   238
       Battleaxe         |       |       |       |    52 ||    52
Invok: Heroism           |       |       |     4 |       ||     4
  Use: Scroll            |     2 |     2 |     6 |     1 ||    11
       Potion            |       |       |     8 |       ||     8
 Stab: Sleeping          |     7 |     3 |     6 |     3 ||    19
       Distracted        |       |       |     4 |       ||     4
       Invisible         |       |       |     3 |       ||     3
  Eat: Chunk             |     1 |     8 |     9 |     8 ||    26
Armor: Robe              |    13 |    18 |    24 |     1 ||    56
       Skin              |       |       |    23 |       ||    23
       Leather armour    |       |       |       |    31 ||    31
Dodge: Dodged            |    73 |   170 |   185 |   132 ||   560
